 Dungeon Crawl Stone Soup version 0.25-a0-420-g1cc7eeb0d1 (webtiles) character file.

Game seed: 11656505603219832863, levelgen mode: deterministic

12 MisterFreud the Cutter (level 2, -3/29 HPs)
             Began as a Gnoll Chaos Knight on Jan 19, 2020.
             Was a Plaything of Xom.
             Slain by an iron imp (9 damage)
             ... summoned by Xom
             ... on level 1 of the Dungeon.
             The game lasted 00:00:42 (205 turns).

MisterFreud the Cutter (Gnoll Chaos Knight)          Turns: 205, Time: 00:00:43

Health: -3/29      AC:  5    Str: 11 (14) XL:     2   Next: 33%
Magic:  2/2        EV: 12    Int: 13 (14) God:    Xom [*.....]
Gold:   0          SH:  0    Dex: 12 (14) Spells: 1/1 levels left

rFire    . . .     SeeInvis .   a - +0 short sword (chaos)
rCold    . . .     Gourm    .   (no shield)
rNeg     . . .     Faith    .   b - +2 leather armour
rPois    .         Spirit   .   (no helmet)
rElec    .         Reflect  .   (no cloak)
rCorr    .         Harm     .   (no gloves)
MR       .....                  (no boots)
Stlth    +.........             (no amulet)
HPRegen  0.09/turn              (no ring)
MPRegen  0.08/turn              (no ring)

@: no status effects
A: distributed training, fangs 1, strong nose
a: Renounce Religion


You were on level 1 of the Dungeon.
You worshipped Xom.
You were a special plaything of Xom.
You were not hungry.

You visited 1 branch of the dungeon, and saw 1 of its levels.

Inventory:

Hand Weapons
 a - a +0 short sword of chaos (weapon)
Armour
 b - a +2 leather armour (worn)
Comestibles
 c - 2 rations
 d - 4 chunks of flesh


   Skills:
 + Level 6.4 Fighting
 + Level 6.4 Short Blades
 + Level 0.3 Long Blades
 + Level 0.3 Axes
 + Level 0.3 Maces & Flails
 + Level 0.3 Polearms
 + Level 0.3 Staves
 + Level 0.3 Slings
 + Level 0.3 Bows
 + Level 0.3 Crossbows
 + Level 0.3 Throwing
 + Level 4.4 Armour
 + Level 2.4 Dodging
 + Level 0.3 Stealth
 + Level 0.3 Shields
 + Level 0.3 Unarmed Combat
 + Level 0.3 Spellcasting
 + Level 0.2 Conjurations
 + Level 0.2 Hexes
 + Level 0.2 Charms
 + Level 0.2 Summonings
 + Level 0.2 Necromancy
 + Level 0.2 Translocations
 + Level 0.2 Transmutations
 + Level 0.2 Fire Magic
 + Level 0.2 Ice Magic
 + Level 0.2 Air Magic
 + Level 0.2 Earth Magic
 + Level 0.2 Poison Magic
 + Level 0.4 Invocations
 + Level 0.3 Evocations


You had one spell level left.
You didn't know any spells.
Your spell library was empty.

Dungeon Overview and Level Annotations

Branches:
Dungeon (1/15)

Altars:


Innate Abilities, Weirdness & Mutations

Your experience applies equally to all skills.
You have very sharp teeth.
Your uncanny sense of smell can sniff out nearby items.


Message History

You barely miss the iron imp. Your bite misses the iron imp.
The iron imp is lightly wounded.
The iron imp closely misses you.
You barely miss the iron imp.
The iron imp is lightly wounded.
The iron imp hits you.
* * * LOW HITPOINT WARNING * * *
Okay, then.
Unknown command.
Unknown command.
You aren't carrying any items that you can evoke.
Unknown command.
You hit the iron imp but do no damage.
You bite the iron imp, but do no damage.
The iron imp is lightly wounded.
The iron imp completely misses you.
You hit the iron imp but do no damage.
The iron imp is lightly wounded.
The iron imp hits you!
You die...

#..#.#......##.
...#g........
###.##.#.#####...
.........# ......#.## ∆
..... #..# .... ##.##
#+######..######.# ∆
.........K5@....#
########.g#######
#######.#### ...........#
########.#.# ∆
#.........####+#####
#.#####...#........#
######.#...#...#........#
#........# #.#.#........#


You could see an iron imp, a goblin and a kobold.

Vanquished Creatures
  A dart slug (D:1)
  A leopard gecko (D:1)
  A giant cockroach (D:1)
  A goblin (D:1)
  2 ball pythons (D:1)
  2 bats (D:1)
  A frilled lizard (D:1)
  A kobold (D:1)
  A rat (D:1)
11 creatures vanquished.

Notes
Turn   | Place    | Note
-------+----------+-------------------------------------------
     0 | D:1      | MisterFreud the Gnoll Chaos Knight began the quest for the
                  | Orb.
     0 | D:1      | Reached XP level 1. HP: 23/23 MP: 1/1
    63 | D:1      | XOM: divination: magic mapping
   113 | D:1      | Reached XP level 2. HP: 23/29 MP: 2/2
   183 | D:1      | XOM: summons 1 hostile demon
   205 | D:1      | Slain by an iron imp

Levels and vault maps discovered:
D:1:      sevenhm_arrival_forest_fort_large_1, layout_basic

Action                   || total
-------------------------++-------
Melee: Short sword       ||    43
       Bite              ||     4
  Use: Potion            ||     1
 Stab: Sleeping          ||     1
       Paralysed         ||     1
Armor: Leather armour    ||    14
Dodge: Dodged            ||    26

Table legend:
 A = Non-vault XP
 B = Vault XP
 C = Vault XP percentage of total XP
 D = Non-vault monster count
 E = Vault monster count
 F = Vault count percentage of total count
                 A         B        C        D         E       F
            +---------+---------+-------+---------+---------+-------
      Total |      16 |       2 |  11.1 |       9 |       2 |  18.2
            +---------+---------+-------+---------+---------+-------
        D:1 |      16 |       2 |  11.1 |       9 |       2 |  18.2
            +---------+---------+-------+---------+---------+-------
